 Dungeon Crawl Stone Soup version 0.21.1-1-g345015f (webtiles) character file.

64 inc the Conjurer (level 3, -1/14 HPs)
             Began as a Felid Wizard on Feb 27, 2018.
             Was an Initiate of Vehumet.
             Slain by a worker ant (7 damage)
             ... on level 4 of the Dungeon.
             The game lasted 00:06:08 (2629 turns).

inc the Conjurer (Felid Wizard)                     Turns: 2629, Time: 00:06:09

Health: -1/14      AC:  1    Str:  3    XL:     3   Next: 91%
Magic:  11/17      EV: 17    Int: 20    God:    Vehumet [......]
Gold:   79         SH:  0    Dex: 14    Spells: 7/8 levels left
                                        Lives:  0   Deaths: 0

rFire    . . .     SeeInvis +   (weapon unavailable)
rCold    . . .     Gourm    .   (shield unavailable)
rNeg     . . .     Faith    .   (armour unavailable)
rPois    .         Spirit   .   (helmet unavailable)
rElec    .         Reflect  .   (cloak unavailable)
rCorr    .         Harm     .   (gloves unavailable)
MR       .....                  (boots unavailable)
Stlth    +++.......             (no amulet)
HPRegen  0.04/turn              k - ring of magical power
MPRegen  0.15/turn              (no ring)

@: quick
A: very small, no armour, no weapons or thrown items, stealth, claws 1, fangs 3,
see invisible, carnivore, speed 1, shaggy fur 1, slow metabolism 1, sharp paws
a: Renounce Religion


You were on level 4 of the Dungeon.
You worshipped Vehumet.
Vehumet was noncommittal.
You were not hungry.

You visited 2 branches of the dungeon, and saw 5 of its levels.

You collected 79 gold pieces.

Inventory:

Jewellery
 k - a ring of magical power (left paw)
Scrolls
 c - a scroll of remove curse {unknown}
 f - 2 scrolls of identify {unknown}
 h - a scroll of amnesia {unknown}
 j - a scroll of random uselessness {unknown}
 l - a scroll of enchant weapon {unknown}
Potions
 d - 2 potions of brilliance {unknown}
 e - a potion of cancellation {unknown}
 g - 2 potions of haste {unknown}
 i - a potion of curing {unknown}
Books
 a - a book of Minor Magic

   Spells                             Type                      Level
   a - Magic Dart                     Conjuration                  1
   b - Blink                          Translocation                2
   c - Call Imp                       Summoning                    2
   d - Slow                           Hexes                        2
   e - Conjure Flame                  Conjuration/Fire             3
   f - Mephitic Cloud                 Conjuration/Poison/Air       3
Comestibles
 b - 3 rations


   Skills:
 - Level 2.6 Dodging
 - Level 2.6 Stealth
 - Level 3.0 Spellcasting
 + Level 3.5 Conjurations
   Level 1.0 Summonings
   Level 1.5 Translocations


You had 7 spell levels left.
You knew the following spells:

 Your Spells              Type           Power        Failure   Level  Hunger
a - Magic Dart            Conj           ###.         3%          1    None


Dungeon Overview and Level Annotations

Branches:
Dungeon (4/15)             Temple (1/1) D:4

Altars:
Dithmenos
Elyvilon
Fedhas
Gozag
Hepliaklqana
Kikubaaqudgha
Makhleb
Nemelex Xobeh
Trog
Uskayaw
Vehumet
Wu Jian
Xom
Yredelemnul

Annotations:
D:3 Ijyb, Sigmund


Innate Abilities, Weirdness & Mutations

You cannot wear armour.
You are incapable of wielding weapons or throwing items.
Your paws allow you to move quietly. (Stealth)
You have sharp claws.
You have razor-sharp teeth.
You have supernaturally acute eyesight. (SInv)
You are carnivorous and can eat meat at any time.
You cover ground quickly.
You are covered in fur. (AC +1)
You have a slow metabolism.
Your sharp claws are effective at attacking unaware monsters.


Message History

The worker ant is heavily wounded.
The worker ant completely misses you.
Casting: Magic Dart
Confirm with . or Enter, or press ? or * to list all spells.
Aiming: Magic Dart
Press: ? - help, Shift-Dir - straight line, f/p - worker ant
Aim: a worker ant (heavily wounded)
The magic dart hits the worker ant.
The worker ant is heavily wounded.
The worker ant barely misses you.
Casting: Magic Dart
Confirm with . or Enter, or press ? or * to list all spells.
Aiming: Magic Dart
Press: ? - help, Shift-Dir - straight line, f/p - worker ant
Aim: a worker ant (heavily wounded)
The magic dart hits the worker ant.
The worker ant is heavily wounded.
The worker ant bites you!
Ouch! That really hurt!
You die...

#.##.###.# #........#
##.....## ####.##.##
##.......##
####.#...####.........#
............+.........+
####.#...####..)......#
#....## #.......#
###.## #a....# #.#
##@..# #.# ##.#+## #.#
##.#..# #.######.###.#
#.......## #.#
########.# .# #.# . #..
# ...


You could see a worker ant.

Vanquished Creatures
  2 adders
  2 dart slugs
  2 leopard geckos
  2 giant cockroaches
  4 goblins
  7 hobgoblins
  4 jackals
  A quokka (D:3)
  3 bats
  3 frilled lizards
  4 kobolds
  5 rats
39 creatures vanquished.

Notes
Turn   | Place    | Note
-------+----------+-------------------------------------------
     0 | D:1      | inc the Felid Wizard began the quest for the Orb.
     0 | D:1      | Reached XP level 1. HP: 7/7 MP: 5/5
    11 | D:1      | Reached skill level 1 in Conjurations
   347 | D:1      | Reached XP level 2. HP: 11/11 MP: 2/7
   938 | D:1      | You fall through a shaft!
   977 | D:3      | Noticed Sigmund
   981 | D:3      | Noticed Ijyb
  1268 | D:2      | Reached XP level 3. HP: 14/14 MP: 1/8
  2233 | D:4      | Found a staircase to the Ecumenical Temple.
  2363 | Temple   | Entered the Ecumenical Temple
  2488 | Temple   | Became a worshipper of Vehumet
  2582 | D:4      | Noticed a phantom
  2629 | D:4      | Slain by a worker ant

Skill      XL: |  1  2  3 |
---------------+----------+-----
Conjurations   | 2 3 |  3.5
Dodging        | |  2.6
Stealth        | |  2.6
Spellcasting   | |  3.0
Summonings     | |  1.0
Translocations | |  1.5

Action                   || total
-------------------------++-------
Melee: Unarmed           ||    19
       Bite              ||     1
 Cast: Magic Dart        ||   118
 Stab: Sleeping          ||     1
  Eat: Chunk             ||     3
Armor: Skin              ||     7
Dodge: Dodged            ||    43
